 Dungeon Crawl Stone Soup version 0.31-a0-175-g9f7f995f2b (webtiles) character file.

Game seed: 7656753423650808938

45 qw the Shooter (level 3, -3/21 HPs)
             Began as a Gargoyle Hunter on June 16, 2023.
             Slain by a hobgoblin (4 damage)
             ... led by Robin
             ... on level 2 of the Dungeon.
             The game lasted 00:00:20 (634 turns).

qw the Shooter (Gargoyle Hunter)                     Turns: 634, Time: 00:00:20

Health: -3/21      AC:  8    Str: 14    XL:     3   Next: 64%
Magic:  3/3        EV: 11    Int:  9    God:
Gold:   57         SH:  0    Dex: 15    Spells: 2/2 levels left

rFire   . . .        Y - +0 shortbow
rCold   . . .        (shield currently unavailable)
rNeg    + . .        e - +0 ring mail
rPois   inf          (no helmet)
rElec   +            (no cloak)
rCorr   .            (no gloves)
SInv    .            (no boots)
Will    .....        (no amulet)
Stlth   +            (no ring)
HPRegen 0.23/turn    (no ring)
MPRegen 0.08/turn

%: no passive effects
@: no status effects
A: sickness immunity, AC +3, negative energy resistance 1, electricity
resistance, torment resistance 1, petrification resistance
a: no special abilities


You were on level 2 of the Dungeon.
You visited 1 branch of the dungeon, and saw 2 of its levels.

You collected 57 gold pieces.


Innate Abilities, Weirdness & Mutations

You are immune to sickness and miasma.
Your stone body is resilient. (AC +3)
You are immune to poison.
You resist negative energy. (rN+)
You are resistant to electric shocks. (rElec)
You are resistant to unholy torment.
You are immune to petrification.


   Skills:
 + Level 2.1 Fighting
 - Level 5.0 Ranged Weapons
 - Level 1.5 Armour
 - Level 1.5 Dodging
 - Level 1.1 Stealth


You had 2 spell levels left.
You didn't know any spells.
Your spell library was empty.

Inventory:

Hand Weapons
 Y - a +0 shortbow (weapon)
Armour
 e - a +0 ring mail (worn)
Scrolls
 a - a scroll of identify
 b - a scroll of blinking {unknown}
Potions
 d - a potion of berserk rage {unknown}
 g - a potion of mutation {unknown}
 h - a potion of enlightenment {unknown}

Dungeon Overview and Level Annotations

Branches:
Dungeon (2/15)

Altars:


Message History

The hobgoblin misses you.
The hobgoblin hits you but does no damage.
The hobgoblin closely misses you.
You shoot an arrow. The arrow barely misses the hobgoblin.
The goblin hits you but does no damage. The hobgoblin barely misses you. x3
The hobgoblin hits you but does no damage.
You shoot an arrow. The arrow barely misses the hobgoblin.
The goblin hits you but does no damage. The hobgoblin closely misses you.
The hobgoblin hits you. The hobgoblin closely misses you.
The hobgoblin hits you but does no damage.
The hobgoblin hits you. The goblin closely misses you.
The hobgoblin closely misses you. The hobgoblin barely misses you.
The hobgoblin hits you.
You shoot an arrow.
The arrow hits the hobgoblin but does no damage.
The hobgoblin is moderately wounded.
The goblin barely misses you. The hobgoblin barely misses you. x3
The hobgoblin closely misses you.
You shoot an arrow. The arrow hits the hobgoblin.
You kill the hobgoblin!
The goblin hits you but does no damage. The hobgoblin barely misses you. x2
The hobgoblin completely misses you.
Your Ranged Weapons skill increases to level 5!
You shoot an arrow. The arrow hits the hobgoblin.
The hobgoblin is severely wounded.
The goblin barely misses you. The hobgoblin hits you.
The hobgoblin hits you but does no damage. x2
The goblin hits you but does no damage. The hobgoblin barely misses you.
The hobgoblin closely misses you.
The hobgoblin hits you but does no damage.
You shoot an arrow. The arrow closely misses the hobgoblin.
The hobgoblin hits you but does no damage.
The hobgoblin completely misses you. The goblin hits you but does no damage.
The hobgoblin barely misses you. x2
You shoot an arrow.
The arrow hits the hobgoblin but does no damage.
The hobgoblin is severely wounded.
The hobgoblin closely misses you. The goblin hits you but does no damage.
The hobgoblin hits you. x2
You die...

># . .# ##### .. .#
##...## ##.######%#
##.>...## .......#..
#.......## .......#.#
#......... ......g#g###
#.........
.....gg@g..#####........
......g##...............
...........###..........
........#.###.........##
.......##.###........##
.......#....).)##...##
...##.....)<...######
... ...###.....# ###.
....#.##


You could see 5 hobgoblins and a goblin.

Vanquished Creatures
  Robin (D:2)
  3 ball pythons (D:1)
  2 endoplasms (D:1)
  A giant cockroach (D:1)
  9 goblins
  3 hobgoblins
  A quokka (D:1)
  5 bats
  3 kobolds (D:1)
  5 rats (D:1)
33 creatures vanquished.

Notes
Turn   | Place    | Note
-------+----------+-------------------------------------------
     0 | D:1      | qw the Gargoyle Hunter began the quest for the Orb.
     0 | D:1      | Reached XP level 1. HP: 12/12 MP: 1/1
     0 | D:1      | 0 ||| qw: Version: 0.2-a-29-g511e9b1
     0 | D:1      | 0 ||| qw: Game counter: 72
     0 | D:1      | 0 ||| qw: Always use a shield: true
     0 | D:1      | 0 ||| qw: God list: Okawaru
     0 | D:1      | 0 ||| qw: Allow faded altars: false
     0 | D:1      | 0 ||| qw: Do Orc after D:15 true
     0 | D:1      | 0 ||| qw: Do second Lair branch before Depths: true
     0 | D:1      | 0 ||| qw: Lair rune preference: random
     0 | D:1      | 0 ||| qw: Plans: Normal, Zot:1-4, Slime:5, God:TSO, Crypt,
                  | Tomb, Abyss, Pan, Hells, Win
     0 | D:1      | 0 ||| PLANNING D:1-11
    59 | D:1      | Reached XP level 2. HP: 17/17 MP: 2/2
   140 | D:1      | 140 ||| Stepping ~*~*~tactically~*~*~ (outnumbered).
   537 | D:1      | 537 ||| UPGRADING to +0 ring mail.
   547 | D:1      | 547 ||| DROPPING +0 leather armour.
   548 | D:1      | 548 ||| READING 2 scrolls labelled BOYLIUFATE.
   549 | D:1      | 549 ||| DROPPING scroll of butterflies.
   577 | D:2      | Reached XP level 3. HP: 21/21 MP: 3/3
   609 | D:2      | Noticed Robin
   620 | D:2      | Killed Robin
   621 | D:2      | Reached skill level 1 in Armour
   629 | D:2      | HP: 5/21 [hobgoblin[Robin] (4)]
   632 | D:2      | Reached skill level 5 in Ranged Weapons
   634 | D:2      | HP: 1/21 [hobgoblin[Robin] (4)]
   634 | D:2      | Slain by a hobgoblin

Levels and vault maps discovered:
D:1:      dpeg_arrival_subterranean_lakeside_camping, layout_basic
D:2:      layout_rooms, serial_shops, shop, nicolae_figureground_sparkle,
          uniq_robin

Skill      XL: |  1  2  3 |
---------------+----------+-----
Armour         | 1 |  1.5
Ranged Weapons | 5 |  5.0
Fighting       | |  2.1
Dodging        | |  1.5
Stealth        | |  1.1

Action                     || total
---------------------------++-------
   Fire: Shortbow          ||    94
    Use: Scroll            ||     1
 Armour: Leather armour    ||     3
         Ring mail         ||    26
  Dodge: Dodged            ||    60

Table legend:
 A = Non-vault XP
 B = Vault XP
 C = Vault XP percentage of total XP
 D = Non-vault monster count
 E = Vault monster count
 F = Vault count percentage of total count
                 A         B        C        D         E       F
            +---------+---------+-------+---------+---------+-------
      Total |      31 |      34 |  52.3 |      20 |      13 |  39.4
            +---------+---------+-------+---------+---------+-------
        D:1 |      26 |       7 |  21.2 |      17 |       6 |  26.1
        D:2 |       5 |      27 |  84.4 |       3 |       7 |  70.0
            +---------+---------+-------+---------+---------+-------
